 Dungeon Crawl Stone Soup version 0.31-a0-844-gdc52ec4e09 (webtiles) character file.

Game seed: 7015873694173527379

6 Kurtz the Shield-Bearer (level 1, 15/16 HPs)
             Began as an Octopode Fighter on Sept 30, 2023.
             Was a Follower of Wu Jian.
             Quit the game on level 1 of the Dungeon.
             The game lasted 00:00:13 (122 turns).

Kurtz the Shield-Bearer (Octopode Fighter)           Turns: 122, Time: 00:00:14

Health: 15/16      AC:  1    Str: 15    XL:     1   Next: 90%
Magic:  1/1        EV: 13    Int: 10    God:    Wu Jian [*.....]
Gold:   0          SH:  4    Dex: 11    Spells: 0/0 levels left

rFire   . . .        a - +0 war axe
rCold   . . .        b - +0 buckler
rNeg    . . .        (helmet restricted)
rPois   .            (no amulet)
rElec   .            (no ring)
rCorr   .            (no ring)
SInv    .            (no ring)
Will    .....        (no ring)
Stlth   ++           (no ring)
HPRegen 0.22/turn    (no ring)
MPRegen 0.07/turn    (no ring)
                     (no ring)

%: no passive effects
@: no status effects
A: almost no armour, amphibious, 8 rings, camouflage 1, gelatinous body 1,
(nimble swimmer 1), tentacles
a: Renounce Religion


You were on level 1 of the Dungeon.
You worshipped Wu Jian.
Wu Jian was aware of your devotion.
You visited 1 branch of the dungeon, and saw 1 of its levels.

Inventory:

Hand Weapons
 a - a +0 war axe (weapon)
Missiles
 d - a throwing net
Armour
 b - a +0 buckler (worn)
Scrolls
 e - a scroll of amnesia {unknown}
Potions
 c - a potion of might


   Skills:
 - Level 3.0 Fighting
 * Level 2.6 Axes
 - Level 3.0 Dodging
 - Level 3.0 Shields


You couldn't memorise any spells.
You didn't know any spells.
Your spell library was empty.

Dungeon Overview and Level Annotations

Branches:
Dungeon (1/15)

Altars:
Wu Jian


Innate Abilities, Weirdness & Mutations

You cannot wear most types of armour.
You are amphibious.
You can wear up to eight rings at the same time.
Your skin changes colour to match your surroundings (Stealth+).
Your rubbery body absorbs attacks. (AC +1, EV +1)
((You are camouflaged when in or above water. (Stealth+)))
You have tentacles for arms and can constrict up to eight enemies at once.


Message History

A goblin is nearby!
No reachable target in view!
A goblin is nearby!
No reachable target in view!
No reachable target in view!
You hit the fungus.
The fungus begins to die.
You grab the fungus.
The fungus is lightly damaged.
You constrict the fungus. You slash the fungus!
The fungus is lightly damaged.
You constrict the fungus. You slash the fungus! You squeeze the fungus.
The fungus is moderately damaged.
You constrict the fungus.
A nearby fungus withers and dies.
You lose your grip on the fungus.
The goblin attacks as it pursues you! You block the goblin's attack.
You completely miss the goblin. Your grab misses the goblin.
You hit the plant but do no damage. The goblin barely misses you.
The goblin hits you with a +0 dagger.
Unknown command.
You miss the goblin. Your grab misses the goblin. You squeeze the goblin.
You kill the goblin!
You hit the plant but do no damage.
Unknown command.
No target in view!
There is a faded altar of an unknown god here.
This altar belongs to (a) Gozag, (b) Makhleb or (c) Wu Jian, but you can't tell which.
Press the corresponding letter to learn more about a god, or press enter to convert or escape to cancel.
Wu Jian accepts your prayer! The Council welcomes you!
You can now perform damaging attacks by moving towards foes.
You can now lightly attack monsters by moving around them.
Are you sure you want to abandon this character and quit the game? (Confirm with "yes".)
Okay, then.
Unknown command.
Press < or > to pray at altars.
Unknown command.
Press < or > to pray at altars.
Unknown command.
Press < or > to pray at altars.
Are you sure you want to abandon this character and quit the game? (Confirm with "yes".)

..........####...#.#
##.....##.# #...#.#
#.#.#. #.# #...#.# #
#.#. #.####...#.# .
.. #..........#
#..~~.⌠~⌠P.#
.........~.#
##.~.###.~.#
...⌠.#@#...#
#..~.#.#)⌠.#
..(~.#.#.~.##
##.P.P)..~..#
#.⌠⌠~⌠~~~..#
#..........#
#####..###.# ##.. .#
..# ##


There were no monsters in sight!

Vanquished Creatures
  A dart slug (D:1)
  A ball python (D:1)
  A goblin (D:1)
  A kobold (D:1)
4 creatures vanquished.

Notes
Turn   | Place    | Note
-------+----------+-------------------------------------------
     0 | D:1      | Kurtz the Octopode Fighter began the quest for the Orb.
     0 | D:1      | Reached XP level 1. HP: 16/16 MP: 1/1
   110 | D:1      | Found a faded altar of an unknown god.
   121 | D:1      | Prayed at the altar of an unknown god.
   121 | D:1      | Became a worshipper of the Wu Jian Council
   121 | D:1      | Reached * piety under Wu Jian
   122 | D:1      | Quit the game

Illustrated notes

Levels and vault maps discovered:
D:1:      dpeg_arrival_boxorama, layout_loops_ring,
          shapermc_ecumenical_altar_acropolis

Action                     || total
---------------------------++-------
  Melee: War axe           ||    10
         Tentacles         ||     3
         Constrict         ||     2
   Stab: Sleeping          ||     2
 Armour: Skin              ||     3
  Dodge: Dodged            ||     3
  Block: Buckler           ||     2

Table legend: (Time is in decaauts)
 A = Elapsed time spent in this place.
 B = Non-inter-level travel time spent in this place.
 C = Inter-level travel time spent in this place.
 D = Time resting spent in this place.
 E = Time spent auto-exploring this place.
 F = Levels seen in this place.
 G = Mean time per level.
                   A        B        C        D        E       F      G
               +--------+--------+--------+--------+--------+-----+--------+
         Total |    126 |    126 |      0 |      0 |     85 |   1 |  126.0 |
       Dungeon |    126 |    126 |      0 |      0 |     85 |   1 |  126.0 |
               +--------+--------+--------+--------+--------+-----+--------+

Top non-repeatable levels by time:
     D:1: 126 daAuts
